 Dungeon Crawl Stone Soup version 0.29-a0-993-g4a18f31a58 (webtiles) character file.

Game seed: 14523949368578501032

76 OrkChasm the Poker (level 4, 0/41 HPs)
             Began as a Gnoll Cinder Acolyte on Aug 2, 2022.
             Was a High Priest of Ignis.
             Slain by Terence
             ... wielding a +0 mace
              (5 damage)
             ... on level 3 of the Dungeon.
             The game lasted 00:16:12 (2633 turns).

OrkChasm the Poker (Gnoll Cinder Acolyte)           Turns: 2633, Time: 00:16:13

Health: 0/41       AC:  6    Str: 21    XL:     4   Next: 32%
Magic:  1/2        EV: 10    Int: 20    God:    Ignis [*****.]
Gold:   173        SH:  3    Dex: 11    Spells: 7/9 levels left

rFire   + . .      SeeInvis .   o - +0 dagger of Boihel {antimagic, *Slow Int+6 Dex+4}
rCold   . . .      Faith    .   u - +0 buckler
rNeg    . . .      Spirit   .   f - +0 ring mail
rPois   .          Reflect  .   d - +0 helmet
rElec   .          Harm     .   (no cloak)
rCorr   .          Rampage  .   (no gloves)
Will    +....                   (no boots)
Stlth   +.........              (no amulet)
HPRegen 0.13/turn               h - ring of willpower
MPRegen 0.08/turn               n - +6 ring of strength

@: no status effects
A: fangs 1, strong nose, distributed training
a: Renounce Religion, Fiery Armour, Foxfire Swarm, Rising Flame


You were on level 3 of the Dungeon.
You worshipped Ignis.
Ignis was extremely pleased with you.
You visited 1 branch of the dungeon, and saw 3 of its levels.

You collected 173 gold pieces.

Inventory:

Hand Weapons
 a - a -1 spear of flaming
 o - the +0 dagger of Boihel (weapon) {antimagic, *Slow Int+6 Dex+4}
   (You found it on level 2 of the Dungeon)

   It reduces the magical energy of the wielder, and disrupts the spells and
   magical abilities of those it strikes.
   Natural abilities and divine invocations are not affected.
   Int:       It affects your intelligence (+6).
   Dex:       It affects your dexterity (+4).
   *Slow:     It may slow you when you take damage.
 q - a +0 dagger
Armour
 d - a +0 helmet (worn)
 f - a +0 ring mail (worn)
 u - a +0 buckler (worn)
Jewellery
 h - a ring of willpower (left hand)
 k - a ring of ice
 n - a +6 ring of strength (right hand)
Scrolls
 b - 3 scrolls of immolation
 i - a scroll of teleportation {unknown}
 l - 5 scrolls of identify {unknown}
 r - a scroll of poison {unknown}
 s - a scroll of butterflies {unknown}
 t - a scroll of brand weapon {unknown}
Potions
 c - 4 potions of mutation {unknown}
 e - a potion of lignification {unknown}
 g - a potion of curing {unknown}
 j - 2 potions of haste {unknown}
 m - a potion of ambrosia {unknown}
 p - a potion of invisibility {unknown}


   Skills:
 + Level 6.6 Fighting
 + Level 1.1 Short Blades
 + Level 1.1 Long Blades
 + Level 1.1 Axes
 + Level 1.1 Maces & Flails
 + Level 6.6 Polearms
 + Level 1.1 Staves
 + Level 1.1 Ranged Weapons
 + Level 1.1 Throwing
 + Level 1.1 Armour
 + Level 1.1 Dodging
 + Level 1.1 Stealth
 + Level 1.1 Shields
 + Level 1.1 Unarmed Combat
 + Level 3.0 Spellcasting
 + Level 0.9 Conjurations
 + Level 0.9 Hexes
 + Level 0.9 Summonings
 + Level 0.9 Necromancy
 + Level 0.9 Translocations
 + Level 0.9 Transmutations
 + Level 5.4 Fire Magic
 + Level 0.9 Ice Magic
 + Level 0.9 Air Magic
 + Level 0.9 Earth Magic
 + Level 0.9 Poison Magic
 + Level 1.2 Invocations
 + Level 1.1 Evocations


You had 7 spell levels left.
You knew the following spells:

 Your Spells              Type           Power      Damage    Failure   Level
a - Scorch                Fire           48%        2d7       4%          2

Your spell library contained the following spells:

 Spells                   Type           Power      Damage    Failure   Level
 Conjure Flame            Conj/Fire      15%        6-21      26%         3
 Ignite Poison            Fire/Tmut/Pois 12%        N/A       34%         3
 Sticky Flame             Conj/Fire      15%        2d4       63%         4


Dungeon Overview and Level Annotations

Branches:
Dungeon (3/15)

Altars:
Ru
Yredelemnul

Shops:
D:3 *

Annotations:
D:3 Terence


Innate Abilities, Weirdness & Mutations

You have very sharp teeth.
Your uncanny sense of smell can sniff out nearby items.
Your experience applies equally to all skills.


Message History

Terence is heavily wounded.
Terence hits you with a +0 mace.
* * * LOW HITPOINT WARNING * * *
You hit Terence. You bite Terence.
Terence is heavily wounded.
You block Terence's attack.
You closely miss Terence.
Terence is heavily wounded.
You block Terence's attack.
Casting: Scorch (safe; 4% risk of failure)
Confirm with . or Enter, or press ? or * to list all spells.
You don't have enough magic to cast this spell.
You hit Terence.
Terence is severely wounded.
You block Terence's attack.
You hit Terence but do no damage. Your bite misses Terence.
Terence is severely wounded.
Terence hits you but does no damage.
You closely miss Terence. You bite Terence, but do no damage.
Terence is severely wounded.
Terence hits you with a +0 mace.
* * * LOW HITPOINT WARNING * * *
You barely miss Terence. Your bite misses Terence.
Terence is severely wounded.
Terence hits you with a +0 mace.
* * * LOW HITPOINT WARNING * * *
You barely miss Terence.
Terence is severely wounded.
Terence barely misses you.
You hit Terence.
Terence is severely wounded.
Terence hits you with a +0 mace.
* * * LOW HITPOINT WARNING * * *
You hit Terence but do no damage.
Terence is severely wounded.
Terence barely misses you.
You hit Terence. You bite Terence.
Terence is almost dead.
Terence hits you with a +0 mace.
You die...

#.# #.# #.# #.#
#.# #.# #.#
###### #.#
#....####.
##.###@@.......
#....#...P..###
####....∩...#
#.....P.....
#.#.!...####
#...#......
########..#
.... .##


You could see Terence.

Vanquished Creatures
  2 adders
  2 worms (D:2)
  4 dart slugs
  2 ball pythons
  5 endoplasms
  A giant cockroach (D:1)
  5 goblins
  2 hobgoblins (D:1)
  7 jackals (D:1)
  2 kobolds (D:1)
  A quokka (D:3)
  2 bats
  A frilled lizard (D:1)
  3 rats
39 creatures vanquished.

Vanquished Creatures (others)
  4 plants (D:3)
4 creatures vanquished.

Grand Total: 43 creatures vanquished

Notes
Turn   | Place    | Note
-------+----------+-------------------------------------------
     0 | D:1      | OrkChasm the Gnoll Cinder Acolyte began the quest for the
                  | Orb.
     0 | D:1      | Reached XP level 1. HP: 23/23 MP: 4/4
    79 | D:1      | Reached XP level 2. HP: 15/29 MP: 5/5
   347 | D:1      | HP: 1/29 [jackal (2)]
   939 | D:1      | Reached XP level 3. HP: 25/35 MP: 7/7
  1166 | D:1      | Found a faded altar of an unknown god.
  1386 | D:1      | Reached skill level 1 in Invocations
  1494 | D:2      | Found a sacrificial altar of Ru.
  1575 | D:2      | Learned a level 2 spell: Scorch
  1678 | D:2      | Identified the +0 dagger of Boihel {antimagic, *Slow Int+6
                  | Dex+4}
  1864 | D:2      | Reached skill level 1 in Short Blades
  1864 | D:2      | Reached skill level 1 in Long Blades
  1864 | D:2      | Reached skill level 1 in Axes
  1864 | D:2      | Reached skill level 1 in Maces & Flails
  1864 | D:2      | Reached skill level 1 in Staves
  1864 | D:2      | Reached skill level 1 in Ranged Weapons
  1864 | D:2      | Reached skill level 1 in Throwing
  1864 | D:2      | Reached skill level 1 in Armour
  1864 | D:2      | Reached skill level 1 in Dodging
  1864 | D:2      | Reached skill level 1 in Stealth
  1864 | D:2      | Reached skill level 1 in Shields
  1864 | D:2      | Reached skill level 1 in Unarmed Combat
  1864 | D:2      | Reached skill level 1 in Evocations
  1903 | D:2      | Reached XP level 4. HP: 41/41 MP: 2/8
  2424 | D:3      | Found a basalt altar of Yredelemnul.
  2601 | D:3      | Found Etoner's Assorted Antiques.
  2607 | D:3      | Noticed Terence
  2633 | D:3      | Slain by Terence

Illustrated notes

Levels and vault maps discovered:
D:1:      ncdulo_smallfort, layout_rooms, hellmonk_ecumenical_altar_blasted,
          minmay_tetromino_t2
D:2:      layout_basic, basic_altar, grunt_decor_fettered
D:3:      layout_basic, old_standard_altar, serial_shops,
          nicolae_shop_overgrown_old_shop, uniq_terence

Skill      XL: |  1  2  3  4 |
---------------+-------------+-----
Invocations    | 1 |  1.2
Short Blades   | 1 |  1.1
Long Blades    | 1 |  1.1
Axes           | 1 |  1.1
Maces & Flails | 1 |  1.1
Staves         | 1 |  1.1
Ranged Weapons | 1 |  1.1
Throwing       | 1 |  1.1
Armour         | 1 |  1.1
Dodging        | 1 |  1.1
Stealth        | 1 |  1.1
Shields        | 1 |  1.1
Unarmed Combat | 1 |  1.1
Evocations     | 1 |  1.1
Spellcasting   | 3 |  3.0
Fighting       | |  6.6
Polearms       | |  6.6
Conjurations   | |  0.9
Hexes          | |  0.9
Summonings     | |  0.9
Necromancy     | |  0.9
Translocations | |  0.9
Transmutations | |  0.9
Fire Magic     | |  5.4
Ice Magic      | |  0.9
Air Magic      | |  0.9
Earth Magic    | |  0.9
Poison Magic   | |  0.9

Action                   |  1- 3 |  4- 6 || total
-------------------------+-------+-------++-------
Melee: Spear             |   124 |       ||   124
       Bite              |    14 |     9 ||    23
       Dagger            |    13 |    50 ||    63
       Punch             |     2 |       ||     2
 Cast: Scorch            |     3 |     3 ||     6
Armor: Robe              |    11 |       ||    11
       Ring mail         |    32 |     9 ||    41
Dodge: Dodged            |    76 |    21 ||    97
Block: Buckler           |       |     3 ||     3

Table legend: (Time is in decaauts)
 A = Elapsed time spent in this place.
 B = Non-inter-level travel time spent in this place.
 C = Inter-level travel time spent in this place.
 D = Time resting spent in this place.
 E = Time spent auto-exploring this place.
 F = Levels seen in this place.
 G = Mean time per level.
                   A        B        C        D        E       F      G
               +--------+--------+--------+--------+--------+-----+--------+
         Total |   2606 |   2470 |    136 |    731 |      0 |   3 |  868.7 |
       Dungeon |   2606 |   2470 |    136 |    731 |      0 |   3 |  868.7 |
               +--------+--------+--------+--------+--------+-----+--------+

Top non-repeatable levels by time:
     D:1: 1470 daAuts
     D:2: 928 daAuts
     D:3: 207 daAuts
